 Dungeon Crawl Stone Soup version 0.24.0-123-gd5b16e6ec5 (webtiles) character file.

Game seed: 5747641124545907636, levelgen mode: deterministic

14749 vurker the Zephyrmancer (level 12, -8/72 HPs)
             Began as a Tengu Air Elementalist on Jan 30, 2020.
             Was a High Priest of Vehumet.
             Mangled by a blink frog (11 damage)
             ... on level 1 of the Lair of Beasts.
             The game lasted 00:29:44 (18690 turns).

vurker the Zephyrmancer (Tengu Air Elementalist)   Turns: 18690, Time: 00:29:44

Health: -8/72      AC: 12    Str:  9    XL:     12   Next: 19%
Magic:  3/35       EV: 14    Int: 29    God:    Vehumet [*****.]
Gold:   712        SH:  0    Dex: 16    Spells: 10/30 levels left

rFire    . . .     SeeInvis .   D - +6 great mace "Cugintus" {freeze, Int+8 Dex+2}
rCold    . . .     Gourm    .   (shield currently unavailable)
rNeg     . . .     Faith    .   n - +2 leather armour {MR+}
rPois    +         Spirit   .   z - +2 hat
rElec    .         Reflect  .   q - +2 cloak
rCorr    .         Harm     .   j - +1 pair of gloves
MR       +....                  (boots unavailable)
Stlth    ++........             (no amulet)
HPRegen  0.22/turn              C - ring of magical power
MPRegen  0.24/turn              A - ring of poison resistance

@: flying quickly and evasively, quick
A: beak, talons 3, able to fly
a: Stop Flying, Renounce Religion


You were on level 1 of the Lair of Beasts.
You worshipped Vehumet.
Vehumet was extremely pleased with you.
You were hungry.

You visited 2 branches of the dungeon, and saw 12 of its levels.
You also visited: Sewer.

You collected 712 gold pieces.

Inventory:

Hand Weapons
 D - the +6 great mace "Cugintus" (weapon) {freeze, Int+8 Dex+2}
   (You found it on level 9 of the Dungeon)

   It has been specially enchanted to freeze those struck by it, causing extra
   injury to most foes and up to half again as much damage against particularly
   susceptible opponents.
   It can also slow down cold-blooded creatures.
   It affects your intelligence (+8).
   It affects your dexterity (+2).
Missiles
 E - a throwing net (quivered)
Armour
 j - a +1 pair of gloves (worn)
   (You found it on level 1 of the Dungeon)
 n - a +2 leather armour of magic resistance (worn)
   (You took it off a goblin on level 3 of the Dungeon)
 q - a +2 cloak (worn)
   (You found it on level 6 of the Dungeon)
 w - a cursed +0 buckler
   (You found it on level 11 of the Dungeon)
 z - a +2 hat (worn)
   (You found it on level 7 of the Dungeon)
Jewellery
 a - an uncursed ring of resist corrosion
   (You found it on level 7 of the Dungeon)
 v - an uncursed ring of ice
   (You found it in a sewer)
 A - a ring of poison resistance (right hand)
   (You found it on level 1 of the Lair of Beasts)
 C - a ring of magical power (left hand)
   (You found it on level 8 of the Dungeon)
 F - an uncursed ring of positive energy
   (You found it on level 8 of the Dungeon)
Wands
 c - a wand of disintegration (18)
   (You took it off a gnoll sergeant on level 7 of the Dungeon)
 d - a wand of iceblast (3)
   (You took it off Ijyb on level 5 of the Dungeon)
 u - a wand of paralysis (7)
   (You took it off Maurice on level 9 of the Dungeon)
Scrolls
 b - 5 scrolls of fog
 f - a scroll of identify
 m - 5 scrolls of remove curse
 r - 4 scrolls of teleportation
 s - a scroll of enchant armour
 x - a scroll of silence
 B - 2 scrolls of magic mapping
Potions
 g - 2 potions of curing
 h - 2 potions of brilliance
 i - a potion of invisibility
 k - 2 potions of mutation
 l - 3 potions of lignification
 o - a potion of resistance
 p - 2 potions of haste
 t - 4 potions of heal wounds
Comestibles
 e - 21 rations


   Skills:
 + Level 7.4 Fighting
 - Level 2.1 Dodging
 - Level 2.0 Stealth
 * Level 9.8 Spellcasting
 * Level 13.2 Conjurations
 * Level 13.6 Air Magic


You had 10 spell levels left.
You knew the following spells:

 Your Spells              Type           Power        Failure   Level  Hunger
a - Shock                 Conj/Air       ####         0%          1    None
b - Lightning Bolt        Conj/Air       #######...   1%          5    ###....
c - Airstrike             Air            #######...   1%          4    None
d - Throw Icicle          Conj/Ice       ######..     1%          4    None
e - Freezing Cloud        Conj/Ice/Air   ######....   6%          6    #####..

Your spell library contained the following spells:

 Spells                   Type           Power        Failure   Level  Hunger
 Swiftness                Chrm/Air       ######..     1%          2    None
 Static Discharge         Conj/Air       #######.     1%          3    None
 Animate Skeleton         Necr           N/A          5%          1    None
 Apportation              Tloc           ##....       5%          1    None
 Confusing Touch          Hex            ##....       5%          1    None
 Summon Small Mammal      Summ           ##..         5%          1    None


Dungeon Overview and Level Annotations

Branches:
Dungeon (11/15)            Temple (0/1) D:5            Lair (1/6) D:8
  Sewer (visited)
    Orc: D:9-12

Altars:
Cheibriados
Fedhas
Kikubaaqudgha
Okawaru
Ru
Sif Muna
Vehumet

Shops:
D:5 ?


Innate Abilities, Weirdness & Mutations

You have a beak for a mouth.
You have claws for feet.
You can fly continuously.


Message History

The blink frog blinks!
The blink frog hits you.
The blink frog blinks!
The blink frog blinks!
The blink frog barely misses you.
The blink frog blinks! x3
The blink frog blinks! x2
The blink frog hits you!
* * * LOW HITPOINT WARNING * * *
The blink frog blinks!
The blink frog barely misses you.
You miss the blink frog. The blink frog hits you.
* * * LOW HITPOINT WARNING * * *
The blink frog blinks! x2; The blink frog barely misses you.
The blink frog blinks! x2
Aim: a blink frog (heavily wounded)
The air twists around and strikes the blink frog!
The blink frog misses you. The blink frog barely misses you.
Aim: a blink frog (almost dead)
The air twists around and strikes the blink frog!
You kill the blink frog!
Vehumet accepts your kill.
The blink frog blinks!
Aim: a yak The air twists around and strikes the yak!
Aim: a yak (moderately wounded)
The air twists around and strikes the yak!
The blink frog blinks!
The blink frog blinks! x2
The blink frog blinks!
The blink frog hits you!
* * * LOW HITPOINT WARNING * * *
The blink frog blinks!
The blink frog blinks!
The blink frog barely misses you. The blink frog closely misses you.
The blink frog blinks!
The blink frog hits you!
* * * LOW HITPOINT WARNING * * *
The blink frog blinks!
Aim: a yak (heavily wounded)
The air twists around and strikes the yak!!
You kill the yak!
Vehumet accepts your kill.
You see here a scale mail.
The blink frog blinks!
The blink frog blinks!
The blink frog blinks!
There is a staircase back to the Dungeon here.
Aim: a blink frog The air twists around and strikes the blink frog!
The blink frog hits you!
* * * LOW HITPOINT WARNING * * *
The blink frog hits you!
You die...

##...P# #.ยง#..#
##...(### ##.#...#
#.....P#
##....####
#.P....[#####
#.....F.....###
.........F@.......
.........>......##
#..............##
##...........#....
##..#.#...#.# ...
############ .# #


You could see 2 blink frogs.

Vanquished Creatures
  5 two-headed ogres
  Pikel (D:6)
  2 ugly things (D:7)
  Maurice (D:9)
  A gargoyle (D:11)
  A slime creature (D:7)
  A blink frog (Lair:1)
  3 hippogriffs
  3 wyverns
  11 yaks
  A basilisk (D:8)
  Menkaure (D:7)
  An acid dragon (D:8)
  A porcupine (Lair:1)
  A black bear (D:6)
  An orc warrior (D:7)
  4 sky beasts
  4 ice beasts
  3 phantoms
  A slave (D:7)
  5 ogres
  5 centaurs
  4 necrophages (D:9)
  2 crocodiles (D:8)
  4 big kobolds
  7 bullfrogs
  A gnoll sergeant (D:7)
  7 scorpions
  A water moccasin skeleton (D:10)
  6 killer bees (D:7)
  17 wights
  A howler monkey (D:8)
  5 crimson imps
  A centaur zombie (D:2)
  A bullfrog zombie (D:9)
  3 jellies
  2 centaur skeletons
  2 orc priests
  2 bullfrog skeletons (D:11)
  3 iguanas
  Ijyb (D:5)
  8 worker ants
  Natasha (thrice) (D:4)
  12 orc wizards
  2 merfolk sirens (Sewer)
  A killer bee zombie (D:7)
  A merfolk avatar (Sewer)
  A howler monkey zombie (D:7)
  12 adders
  11 gnolls
  A howler monkey skeleton (D:4)
  5 river rats (Sewer)
  4 shadow imps
  An ooze (D:4)
  An adder skeleton (D:9)
  2 adder zombies
  6 worms
  A dart slug (D:4)
  9 leopard geckos
  41 orcs
  10 bats
  6 giant cockroaches
  13 goblins
  10 hobgoblins
  4 jackals (D:10)
  8 quokkas
  10 ball pythons
  14 frilled lizards
  21 kobolds
  2 quokka zombies
  22 rats
369 creatures vanquished.

Vanquished Creatures (others)
  2 slaves (D:6)
  2 wights (D:6)
  An adder skeleton (D:6)
  A fungus (Lair:1)
  9 plants (D:9)
15 creatures vanquished.

Grand Total: 384 creatures vanquished

Notes
Turn   | Place    | Note
-------+----------+-------------------------------------------
     0 | D:1      | vurker the Tengu Air Elementalist began the quest for the
                  | Orb.
     0 | D:1      | Reached XP level 1. HP: 10/10 MP: 4/4
   152 | D:1      | Reached XP level 2. HP: 15/15 MP: 3/6
   653 | D:1      | Reached XP level 3. HP: 20/20 MP: 5/7
   992 | D:2      | Reached skill level 1 in Fighting
  1063 | D:2      | Noticed a sky beast
  1094 | D:2      | Found a faded altar of an unknown god.
  1198 | D:2      | HP: 1/20 [worm (11)]
  1206 | D:2      | Reached XP level 4. HP: 2/25 MP: 0/8
  1584 | D:2      | Reached skill level 5 in Air Magic
  1952 | D:2      | Gained mutation: You can fly continuously. [Tengu growth]
  1952 | D:2      | Reached XP level 5. HP: 29/29 MP: 4/10
  2100 | D:2      | Killed a sky beast
  2100 | D:2      | Reached XP level 6. HP: 35/35 MP: 7/12
  2359 | D:2      | Learned a level 5 spell: Lightning Bolt
  2364 | D:2      | Learned a level 4 spell: Airstrike
  2444 | D:3      | Found a radiant altar of Vehumet.
  2459 | D:3      | Found a shimmering blue altar of Sif Muna.
  2461 | D:3      | Found a snail-covered altar of Cheibriados.
  2469 | D:3      | Became a worshipper of Vehumet
  3772 | D:4      | Noticed a phantom
  3999 | D:4      | Reached XP level 7. HP: 40/40 MP: 5/13
  4015 | D:4      | Reached * piety under Vehumet
  4015 | D:4      | Offered knowledge of Freeze by Vehumet.
  4015 | D:4      | Reached skill level 5 in Conjurations
  4191 | D:4      | Found a sacrificial altar of Ru.
  4631 | D:4      | You are sucked into a shaft and drop 3 floors!
  4662 | D:6      | Noticed Pikel
  4886 | D:7      | Reached XP level 8. HP: 38/46 MP: 0/15
  5282 | D:7      | Reached skill level 5 in Spellcasting
  5439 | D:6      | Killed Pikel
  5605 | D:7      | Noticed a hippogriff
  5608 | D:7      | Killed a hippogriff
  5608 | D:7      | Reached XP level 9. HP: 52/52 MP: 5/18
  5807 | D:7      | Reached ** piety under Vehumet
  5824 | D:7      | Offered knowledge of Searing Ray by Vehumet.
  6446 | D:5      | Entered Level 5 of the Dungeon
  6501 | D:5      | Found a glowing drain.
  6578 | Sewer    | Entered a sewer
  6800 | Sewer    | Offered knowledge of Conjure Flame by Vehumet.
  6875 | Sewer    | Reached *** piety under Vehumet
  7325 | D:5      | Offered knowledge of Stone Arrow by Vehumet.
  7673 | D:4      | Noticed Natasha
  7679 | D:4      | Killed Natasha
  8129 | D:4      | Noticed Natasha
  8135 | D:4      | Killed Natasha
  8160 | D:4      | Noticed Natasha
  8165 | D:4      | Killed Natasha
  8235 | D:4      | Found a sacrificial altar of Ru.
  8485 | D:5      | Found a staircase to the Ecumenical Temple.
  8760 | D:5      | Found Sutzim's Magic Scroll Shop.
  9061 | D:5      | Noticed Ijyb
  9071 | D:5      | Killed Ijyb
  9988 | D:7      | Reached skill level 10 in Air Magic
 10013 | D:7      | Noticed a two-headed ogre
 10091 | D:7      | Killed a two-headed ogre
 10091 | D:7      | Reached skill level 5 in Fighting
 10091 | D:7      | Reached XP level 10. HP: 14/59 MP: 6/21
 10350 | D:7      | Reached skill level 10 in Conjurations
 10476 | D:7      | Noticed a purple ugly thing
 10476 | D:7      | Noticed a red ugly thing
 10518 | D:7      | Killed a purple ugly thing
 10620 | D:7      | Noticed Menkaure
 10660 | D:7      | Killed Menkaure
 10668 | D:7      | Reached **** piety under Vehumet
 11731 | D:7      | Killed a purple ugly thing
 12703 | D:8      | Offered knowledge of Iskenderun's Mystic Blast by Vehumet.
 12946 | D:8      | Noticed a two-headed ogre
 12949 | D:8      | Noticed a two-headed ogre
 12959 | D:8      | Killed a two-headed ogre
 12959 | D:8      | Reached XP level 11. HP: 60/64 MP: 17/24
 13082 | D:8      | Killed a two-headed ogre
 13171 | D:8      | Reached ***** piety under Vehumet
 13244 | D:8      | Offered knowledge of Throw Icicle by Vehumet.
 13374 | D:8      | Found an ancient bone altar of Kikubaaqudgha.
 13883 | D:8      | Found a staircase to the Lair.
 14030 | D:8      | Found an iron altar of Okawaru.
 14063 | D:9      | Got a brightly glowing great mace
 14091 | D:9      | Identified the +6 great mace "Cugintus" {freeze, Int+8
                  | Dex+2} (You found it on level 9 of the Dungeon)
 14216 | D:9      | Noticed a two-headed ogre
 14222 | D:9      | Killed a two-headed ogre
 14406 | D:9      | Found a blossoming altar of Fedhas.
 14476 | D:9      | Noticed Maurice
 14483 | D:9      | Killed Maurice
 14734 | D:9      | Learned a level 4 spell: Throw Icicle
 15270 | D:10     | Entered Level 10 of the Dungeon
 16424 | D:10     | Offered knowledge of Freezing Cloud by Vehumet.
 16432 | D:10     | Learned a level 6 spell: Freezing Cloud
 17212 | D:11     | Noticed a two-headed ogre
 17217 | D:11     | Killed a two-headed ogre
 17217 | D:11     | Reached XP level 12. HP: 69/72 MP: 4/26
 18385 | Lair:1   | Entered Level 1 of the Lair of Beasts
 18690 | Lair:1   | HP: 3/72 [blink frog (15)]
 18690 | Lair:1   | Mangled by a blink frog

Levels and vault maps discovered:
D:1:      scummos_arrival_forest, layout_basic, minivault_14
D:2:      layout_rooms, chequers_ecumenical_altar_simple_redux, minivault_23
D:3:      layout_basic, gammafunk_temple_overflow_forgotten, first_ration,
          st_stairs_1
D:4:      layout_loops_corners, old_standard_altar, grunt_ministairs_2,
          minmay_crystal_water, glass_columns_a, serial_park_tiny_1,
          nrook_mini_backslash, uniq_natasha
D:5:      layout_basic, minmay_temple_entry_butterflies,
          cheibrodos_sewer_entry_drain, serial_shops, shop, uniq_ijyb
D:6:      layout_basic, uniq_pikel
D:7:      minmay_the_grid_plus_closed [minmay_the_grid_spin_star,
          minmay_the_grid_tiny_cups, minmay_the_grid_garden,
          minmay_the_grid_diamond_grid, minmay_the_grid_prize_four_corners],
          layout_gridville, uniq_menkaure
D:8:      layout_rooms, kennysheep_mini_moat, erik_lair_dragon, basic_altar
D:9:      layout_cave_pools, fedhas_altar_decomposition, uniq_maurice
D:10:     layout_gridville
D:11:     layout_gridville
Lair:1:   layout_cave_pods, lemuel_fruit_tree

Skill      XL: |  1  2  3  4  5  6  7  8  9 10 11 12 |
---------------+-------------------------------------+-----
Conjurations   | 2 3 4 6 8 9 11 12 13 | 13.2
Fighting       | 1 2 3 4 5 6 7 |  7.4
Air Magic      | 5 6 7 8 10 11 13 | 13.6
Spellcasting   | 3 4 5 7 8 9 |  9.8
Dodging        | |  2.1
Stealth        | |  2.0

Action                   |  1- 3 |  4- 6 |  7- 9 | 10-12 || total
-------------------------+-------+-------+-------+-------++-------
Melee: Unarmed           |     2 |       |       |       ||     2
       Short sword       |     4 |     3 |       |       ||     7
       Peck              |     2 |       |     6 |     3 ||    11
       Kick              |     1 |     3 |     5 |     5 ||    14
       Dagger            |       |     5 |    18 |     3 ||    26
       Great mace        |       |       |       |    14 ||    14
 Cast: Shock             |    57 |   136 |   314 |   197 ||   704
       Airstrike         |       |       |    31 |   234 ||   265
       Lightning Bolt    |       |       |       |    11 ||    11
 Abil: Fly               |       |     1 |       |       ||     1
Evoke: Wand              |       |     5 |     9 |     5 ||    19
  Use: Scroll            |       |     7 |     6 |     9 ||    22
  Eat: Chunk             |     1 |     9 |    10 |    28 ||    48
       Ration            |       |       |     3 |     2 ||     5
Armor: Robe              |     5 |     5 |       |       ||    10
       Leather armour    |       |     6 |    22 |    26 ||    54
Dodge: Dodged            |    11 |    29 |   102 |    71 ||   213
